 Dungeon Crawl Stone Soup version 0.30-a0-779-g7971cf19c3 (webtiles) character file.

Game seed: 17507573419426867948

496 Pimp the Chopper (level 7, -1/53 (54) HPs)
             Began as a Human Cinder Acolyte on Feb 17, 2023.
             Was a Follower of Ignis.
             Slain by a killer bee (3 damage)
             ... on level 5 of the Dungeon.
             The game lasted 00:14:03 (4422 turns).

Pimp the Chopper (Human Cinder Acolyte)             Turns: 4422, Time: 00:14:03

HP:   -1/53 (54)    AC: 12    Str: 15 (17) XL:     7   Next: 38%
MP:   8/8           EV:  4    Int: 13 (14) God:    Ignis [*.....]
Gold: 170           SH:  0    Dex:  6 (8)  Spells: 8/8 levels left

rFire   + . .      SeeInvis .    x - +0 broad axe
rCold   . . .      Faith    .    (no shield)
rNeg    . . .      Spirit   .    p - +0 plate armour
rPois   .          Reflect  .    (no helmet)
rElec   .          Harm     .    m - +0 cloak
rCorr   .          Rampage  .    (no gloves)
Will    .....                    (no boots) Stlth
                                 (no amulet)
HPRegen 0.28/turn                e - ring of fire
MPRegen 0.11/turn                q - ring of ice

@: lethally poisoned (-1 -> -4), lightly drained
A: no striking features
a: Renounce Religion, Fiery Armour, Foxfire Swarm


You were on level 5 of the Dungeon.
You worshipped Ignis.
Ignis was aware of your devotion.
You visited 2 branches of the dungeon, and saw 6 of its levels.

You collected 170 gold pieces.

Inventory:

Hand Weapons
 a - a -1 hand axe of flaming
 o - a +0 dagger of freezing
 x - a +0 broad axe (weapon)
Missiles
 c - 16 poisoned darts (quivered)
Armour
 b - a +0 robe
 m - a +0 cloak (worn)
 n - a +0 ring mail
 p - a +0 plate armour (worn)
Jewellery
 e - a ring of fire (left hand)
 q - a ring of ice (right hand)
 v - a ring of flight
Wands
 k - a wand of flame (17)
 r - a wand of paralysis (5)
Scrolls
 d - a scroll of teleportation
 g - 3 scrolls of magic mapping
 l - a scroll of fog
Potions
 f - 2 potions of brilliance
 i - a potion of invisibility {unknown}
 j - 2 potions of lignification
 s - a potion of mutation {unknown}
 u - a potion of flight {unknown}


   Skills:
 + Level 4.1 Fighting
 + Level 6.1 Axes
 + Level 3.0 Armour
 + Level 1.0 Dodging
 + Level 1.0 Spellcasting
 + Level 3.4 Fire Magic


You had 8 spell levels left.
You didn't know any spells.
Your spell library contained the following spells:

 Spells                   Type           Power      Damage    Failure   Level
 Magic Dart               Conj           0%         1d3       100%        1
 Call Imp                 Summ           0%         N/A       100%        2
 Scorch                   Fire           28%        2d6       100%        2
 Mephitic Cloud           Conj/Pois/Air  0%         N/A       100%        3


Dungeon Overview and Level Annotations

Branches:
Dungeon (5/15)             Temple (1/1) D:4

Altars:
Dithmenos
Elyvilon
Fedhas
Gozag
Nemelex Xobeh
Qazlal
Ru
Sif Muna
Wu Jian
Xom
Yredelemnul
Zin

Annotations:
D:5 Menkaure
Temple 2 transporters


Message History

The killer bee stings you but does no damage. x3
The killer bee stings you. x2
The killer bee stings you but does no damage.
You miss the killer bee.
The killer bee is heavily wounded.
You miss the killer bee.
You feel sick. The killer bee stings you. x2
The killer bee completely misses you.
The killer bee stings you but does no damage.
As you read the scroll of fear, it crumbles to dust.
You assume a fearsome visage.
The killer bee looks frightened! x3
You feel sick.
It was a potion of magic.
Magic courses through your body.
You feel sick.
You feel sick.
You feel sick.
You feel sick.
You are no longer poisoned.
You see here a +2 mace of draining.
You start resting.
A killer bee is nearby!
Menkaure and 2 orcs come into view.
Found a stone staircase leading down and a stone staircase leading up.
Menkaure shouts!
The orc shouts! x2
Menkaure points at you and mumbles some strange words.
Pain shoots through your body!
* * * LOW HITPOINT WARNING * * *
The killer bee stings you but does no damage.
You closely miss the killer bee.
The killer bee is lightly wounded.
The killer bee stings you!
* * * LOW HITPOINT WARNING * * *
You are lethally poisoned!
The killer bee poisons you!
The killer bee stings you but does no damage.
The killer bee closely misses you.
You closely miss the killer bee.
The killer bee is lightly wounded.
You barely miss Menkaure.
* * * LOW HITPOINT WARNING * * *
You feel sick. The killer bee stings you.
You die... #...##...# ###......####### ....♣♣...##....# .... ...♣♣♣♣♣.##....# .... ...♣ ♣.##....# <.. ...♣ ♣..#....# oo#

?..♣ ♣.......# ..#
...♣ ♣♣..#..#####..#
...♣♣♣♣).###...y@#..##
##.......# #####.M...#
######### ###.......
..####> .## .# ##


You could see Menkaure and a killer bee.

Vanquished Creatures
  A necrophage (D:4)
  A scorpion (D:4)
  2 hounds (D:4)
  A jelly (D:5)
  Natasha (thrice) (D:2)
  4 adders
  7 gnolls (D:3)
  4 worms
  2 orcs
  A bat (D:1)
  8 endoplasms
  6 giant cockroaches
  11 goblins
  10 hobgoblins
  4 jackals
  6 quokkas
  11 ball pythons
  2 frilled lizards (D:2)
  10 kobolds
  5 rats
99 creatures vanquished.

Vanquished Creatures (others)
  An endoplasm (D:1)
  35 foxfires
36 creatures vanquished.

Grand Total: 135 creatures vanquished

Notes
Turn   | Place    | Note
-------+----------+-------------------------------------------
     0 | D:1      | Pimp the Human Cinder Acolyte began the quest for the Orb.
     0 | D:1      | Reached XP level 1. HP: 18/18 MP: 2/2
   200 | D:1      | Reached XP level 2. HP: 18/24 MP: 3/3
   464 | D:1      | Reached XP level 3. HP: 18/29 MP: 4/4
  1054 | D:2      | Reached XP level 4. HP: 30/35 MP: 5/5
  1346 | D:2      | Reached skill level 4 in Axes
  1601 | D:2      | Noticed Natasha
  1603 | D:2      | Found a faded altar of an unknown god.
  1608 | D:2      | Killed Natasha
  1609 | D:2      | Reached XP level 5. HP: 37/41 MP: 6/6
  1978 | D:2      | Noticed Natasha
  1988 | D:2      | Killed Natasha
  2204 | D:3      | Reached skill level 1 in Armour
  2204 | D:2      | Noticed Natasha
  2205 | D:2      | Killed Natasha
  2351 | D:3      | Reached skill level 5 in Axes
  2351 | D:3      | Reached XP level 6. HP: 16/48 MP: 7/7
  2569 | D:3      | Found a sacrificial altar of Ru.
  2805 | D:3      | Reached skill level 1 in Dodging
  3297 | D:4      | Reached XP level 7. HP: 52/53 MP: 8/8
  3693 | D:4      | Found a shimmering blue altar of Sif Muna.
  3734 | D:4      | Reached skill level 6 in Axes
  3771 | D:4      | Found a staircase to the Ecumenical Temple.
  3859 | Temple   | Entered the Ecumenical Temple
  3859 | Temple   | Found a transporter.
  3859 | Temple   | Found a transporter.
  3861 | Temple   | Found a transporter.
  3861 | Temple   | Found a transporter.
  4036 | D:5      | Entered Level 5 of the Dungeon
  4122 | D:5      | Found a glowing silver altar of Zin.
  4122 | D:5      | Noticed an angel
  4419 | D:5      | Noticed Menkaure
  4422 | D:5      | HP: 2/53 [poisoned by a killer bee]
  4422 | D:5      | Slain by a killer bee

Illustrated notes

Levels and vault maps discovered:
D:1:      spicycebolla_green_bress_n_ham_2, layout_basic, serial_rivers,
          chequers_serial_rivers_room_a, chequers_serial_rivers_small_3,
          chequers_serial_rivers_micro_b, chequers_serial_rivers_room_a,
          minmay_misc_feat_enclosed
D:2:      layout_basic, hellmonk_ecumenical_altar_blasted,
          minmay_increasing_density, uniq_natasha
D:3:      wad_crossroads, layout_rooms, mainiacjoe_overflow_surrounded_room
D:4:      layout_rooms, general_overflow_altar, minmay_temple_entry_nine_rooms
D:5:      layout_basic, nicolae_uskayaw_suspiria, zin_angel, nrook_campfire,
          uniq_menkaure, uniq_grinder, uniq_sigmund
Temple:   hellmonk_temple_divided_pantheon

Skill      XL: |  1  2  3  4  5  6  7 |
---------------+----------------------+-----
Axes           | 4 5 6 |  6.1
Armour         | 1 2 3 |  3.0
Dodging        | 1 |  1.0
Fighting       | 4 |  4.1
Spellcasting   | |  1.0
Fire Magic     | |  3.4

Action                     |  1- 3 |  4- 6 |  7- 9 || total
---------------------------+-------+-------+-------++-------
  Melee: Hand axe          |    93 |   158 |    67 ||   318
         Punch             |     1 |       |       ||     1
         Broad axe         |       |       |    13 ||    13
 Invoke: Fiery Armour      |     3 |     2 |       ||     5
         Foxfire Swarm     |     1 |     4 |       ||     5
         Rising Flame      |       |     1 |       ||     1
    Use: Scroll            |       |     4 |     5 ||     9
         Potion            |       |     3 |     1 ||     4
 Armour: Robe              |    40 |       |       ||    40
         Ring mail         |     9 |     1 |       ||    10
         Plate armour      |       |   118 |    76 ||   194
         Skin              |       |    17 |       ||    17
  Dodge: Dodged            |    88 |    45 |    10 ||   143

Table legend: (Time is in decaauts)
 A = Elapsed time spent in this place.
 B = Non-inter-level travel time spent in this place.
 C = Inter-level travel time spent in this place.
 D = Time resting spent in this place.
 E = Time spent auto-exploring this place.
 F = Levels seen in this place.
 G = Mean time per level.
                   A        B        C        D        E       F      G
               +--------+--------+--------+--------+--------+-----+--------+
         Total |   4448 |   4303 |    145 |    834 |   2489 |   6 |  741.3 |
       Dungeon |   4401 |   4256 |    145 |    834 |   2488 |   5 |  880.2 |
        Temple |     46 |     46 |      0 |      0 |      1 |   1 |   46.0 |
               +--------+--------+--------+--------+--------+-----+--------+

Top non-repeatable levels by time:
     D:2: 1492 daAuts
     D:4: 992 daAuts
     D:3: 874 daAuts
     D:1: 653 daAuts
     D:5: 388 daAuts
  Temple: 46 daAuts
